AoeStats
← visualfed

Black Forest

509912137Analyzed
4v4 RM · 2d ago on Sep 28, 2026· 100m 19s· 8 players
Game mode
Random Map
Map size
Large (8 player)
Population
200
Speed
Normal
Resources
Standard
Victory
Conquest
Starting age
Dark Age
Ending age
Imperial Age
RankedLock teamsTeams togetherTeam positionsShared explorationLock speedFull tech treeHidden civsTurbo modeCheats
Victory
Defeat
🇪🇸 Franks · Spain
666
+10
🇫🇷 Khmer · France
594
+13
🇦🇷 Britons · Argentina
527
+16
🇺🇸 Goths · United States
390
+21
🇹🇷 Bengalis · Türkiye
700
-21
🇹🇷 Hindustanis · Türkiye
673
-21
🇮🇹 Persians · Italy
366
-9
🇩🇰 Portuguese · Denmark
357
-9
Tolo
10:30 Feudal Age
11:52 Wheelbarrow
11:13 Double-Bit Axe
19:23 Castle Age
23:11 Gold Mining
23:12 Stone Mining
23:33 Caravan
25:07 Gold Shaft Mining
28:50 Hand Cart
29:59 Bow Saw
33:02 Imperial Age
32:24 Ordonnance Companies
33:55 Scale Barding Armor
33:51 Scale Mail Armor
33:52 Padded Archer Armor
33:43 Fletching
34:03 Forging
34:22 Conscription
34:04 Chivalry
34:48 Pikeman
35:28 Squires
35:14 Arson
35:14 Gambesons
34:50 Man-at-Arms
34:55 Elite Throwing Axeman
35:31 Cavalier
36:12 Husbandry
35:32 Light Cavalry
37:50 Chemistry
37:20 Heavy Scorpion
38:38 Chain Mail Armor
38:22 Elite Skirmisher
38:24 Crossbowman
41:44 Iron Casting
ZURITA3570
0:47 Loom
11:18 Feudal Age
13:33 Double-Bit Axe
22:51 Castle Age
22:07 Gold Mining
24:24 Bow Saw
26:19 Caravan
29:09 Wheelbarrow
29:22 Stone Mining
30:12 Gold Shaft Mining
32:06 Husbandry
32:19 Forging
34:29 Hand Cart
35:19 Iron Casting
34:42 Treadmill Crane
35:17 Murder Holes
38:57 Imperial Age
36:52 Padded Archer Armor
36:43 Fletching
38:39 Ballistics
38:10 Heated Shot
38:39 Leather Archer Armor
40:05 Yeomen
41:16 Two-Man Saw
40:52 Town Watch
42:17 Warwolf
42:20 Elite Longbowman
43:36 Ring Archer Armor
43:32 Cavalier
45:47 Chemistry
57:05 Scale Mail Armor
57:11 Scale Barding Armor
60:03 Hoardings
66:01 Chain Barding Armor
72:36 Blast Furnace
71:32 Bodkin Arrow
71:53 Chain Mail Armor
72:14 Plate Barding Armor
82:00 Heavy Scorpion
83:36 Plate Mail Armor
83:06 Bracer
Ambwind
1:48 Loom
14:21 Feudal Age
17:22 Wheelbarrow
18:08 Double-Bit Axe
18:08 Horse Collar
20:14 Man-at-Arms
27:15 Castle Age
26:27 Forging
26:18 Scale Mail Armor
27:22 Long Swordsman
28:02 Squires
28:46 Iron Casting
28:26 Chain Mail Armor
31:52 Fletching
32:03 Padded Archer Armor
31:52 Elite Skirmisher
32:57 Ballistics
34:11 Leather Archer Armor
34:23 Hand Cart
34:43 Hand Cart
34:42 Bow Saw
36:10 Bodkin Arrow
40:05 Imperial Age
40:18 Two-Handed Swordsman
41:04 Heavy Plow
42:09 Two-Man Saw
42:15 Blast Furnace
41:46 Ring Archer Armor
42:09 Champion
42:54 Perfusion
44:25 Chemistry
44:47 Conscription
49:29 Anarchy
48:53 Elite Huskarl
98:25 Treadmill Crane
j55/tyl777
13:36 Feudal Age
18:21 Castle Age
17:02 Wheelbarrow
16:17 Loom
19:34 Wheelbarrow
25:19 Hand Cart
26:54 Horse Collar
27:08 Double-Bit Axe
29:13 Heavy Plow
29:29 Bow Saw
32:48 Gold Mining
32:52 Stone Mining
37:23 Imperial Age
37:59 Fletching
38:20 Forging
38:17 Scale Barding Armor
41:02 Conscription
40:45 Tusk Swords
40:47 Bodkin Arrow
41:28 Iron Casting
41:15 Chain Barding Armor
41:33 Gold Shaft Mining
41:34 Stone Shaft Mining
43:20 Bracer
44:21 Blast Furnace
45:26 Plate Barding Armor
44:15 Light Cavalry
45:06 Bloodlines
44:57 Husbandry
44:18 Elite Battle Elephant
45:53 Town Watch
45:48 Hussar
47:39 Town Patrol
77:52 Elite Ballista Elephant
78:35 Double Crossbow
eser
12:42 Feudal Age
13:06 Horse Collar
13:35 Double-Bit Axe
21:14 Castle Age
20:30 Gold Mining
20:34 Stone Mining
22:16 Heavy Plow
24:55 Bow Saw
30:25 Imperial Age
32:28 Stone Shaft Mining
32:30 Gold Shaft Mining
33:11 Grand Trunk Road
34:15 Scale Mail Armor
34:26 Forging
35:38 Elite Ghulam
36:54 Chain Mail Armor
38:24 Iron Casting
38:26 Caravan
38:57 Coinage
41:56 Blast Furnace
42:36 Wheelbarrow
41:46 Loom
48:52 Banking
51:52 Hand Cart
81:37 Arson
81:52 Squires
81:13 Pikeman
88:29 Two-Man Saw
spawn
0:43 Loom
11:31 Feudal Age
16:05 Double-Bit Axe
16:04 Horse Collar
17:17 Town Watch
22:43 Castle Age
25:46 Bow Saw
26:02 Heavy Plow
27:51 Gold Mining
28:17 Town Patrol
30:57 Wheelbarrow
32:56 Hand Cart
35:34 Imperial Age
33:41 Fortified Wall
34:03 Paiks
34:26 Caravan
36:20 Gold Shaft Mining
35:44 Elite Ratha (Ranged)
37:28 Fletching
37:38 Padded Archer Armor
38:17 Bodkin Arrow
39:29 Two-Man Saw
39:18 Bracer
40:46 Chemistry
40:11 Ballistics
40:08 Leather Archer Armor
41:14 Ring Archer Armor
49:02 Murder Holes
51:44 Crop Rotation
51:32 Forging
51:31 Scale Barding Armor
52:54 Mahayana
54:45 Chain Barding Armor
66:11 Pikeman
66:52 Squires
66:38 Arson
67:52 Halberdier
69:32 Iron Casting
68:58 Scale Mail Armor
71:12 Blast Furnace
71:12 Chain Mail Armor
91:42 Masonry
THOR
15:40 Feudal Age
23:25 Castle Age
32:15 Imperial Age
30:22 Fortified Wall
33:07 Husbandry
32:28 Cavalier
33:19 Scale Barding Armor
38:18 Horse Collar
38:27 Double-Bit Axe
39:57 Gold Mining
42:09 Chemistry
41:51 Heavy Plow
41:38 Loom
43:09 Chain Barding Armor
45:30 Onager
48:06 Plate Barding Armor
50:24 Ballistics
50:56 Caravan
visualfed
1:00 Loom
Connection lost

Rejoining the realm…

Still unreachable

The connection could not be restored.

Session expired

The server has moved on; the page needs a fresh start.